 Dungeon Crawl Stone Soup version 0.31-a0-1265-gaa4636e842 (webtiles) character file.

Game seed: 2534458773874037710

56 Solx the Ruffian (level 3, -1/28 HPs)
             Began as a Merfolk Shapeshifter on Dec 16, 2023.
             Slain by Ijyb
             ... wielding a +0 dagger
              (2 damage)
             ... on level 3 of the Dungeon.
             The game lasted 00:08:10 (1803 turns).

Solx the Ruffian (Merfolk Shapeshifter)             Turns: 1803, Time: 00:08:10

Health: -1/28      AC:  5    Str: 16    XL:     3   Next: 97%
Magic:  3/3        EV:  8    Int:  9    God:
Gold:   95         SH:  0    Dex: 13    Spells: 2/2 levels left

rFire   . .          .
                       - Unarmed
rCold   . . .        (no shield)
rNeg    . . .        p - +0 ring mail
rPois   .            (helmet currently unavailable)
rElec   .            (cloak currently unavailable)
rCorr   .            (gloves currently unavailable)
SInv    .            (boots currently unavailable)
Will    .....        (no amulet)
Stlth   +            (no ring)
HPRegen 0.24/turn    (no ring)
MPRegen 0.08/turn

%: no passive effects
@: beast-form, grasped by roots, constricted
A: beast (slay +2), (nimble swimmer 2), mertail
a: Begin Untransformation


You were on level 3 of the Dungeon.
You were a hulking beast.
You visited 1 branch of the dungeon, and saw 3 of its levels.

You collected 95 gold pieces.

Inventory:

Missiles
 i - an atropa-tipped dart (quivered)
 r - 2 poisoned darts
Armour
 a - a +0 animal skin
 k - a +0 pair of gloves
 p - a +0 ring mail (worn)
Talismans
 c - a beast talisman
 d - a flux talisman
 o - a serpent talisman
 q - a maw talisman
Scrolls
 e - 5 scrolls of identify {unknown}
 g - a scroll of revelation {unknown}
 l - 2 scrolls of teleportation {unknown}
 m - a scroll of blinking {unknown}
 n - a scroll of fog {unknown}
Potions
 b - a potion of lignification
 f - a potion of berserk rage {unknown}
 h - 3 potions of mutation {unknown}
 j - a potion of curing {unknown}
 s - a potion of resistance {unknown}


   Skills:
 + Level 2.5 Fighting
 - Level 2.6 Dodging
 * Level 4.4 Unarmed Combat
 + Level 4.2 Shapeshifting


You had 2 spell levels left.
You didn't know any spells.
Your spell library contained the following spells:

 Spells                   Type           Power      Damage    Failure   Level
 Ensorcelled Hibernation  Hex/Ice        0%         N/A       75%         2
 Jinxbite                 Hex            0%         N/A       75%         2
 Anguish                  Hex/Necr       0%         N/A       100%        4


Dungeon Overview and Level Annotations

Branches:
Dungeon (3/15)

Altars:

Shops:
D:1 [

Annotations:
D:3 Ijyb


Innate Abilities, Weirdness & Mutations

You are a hulking beast.
Your limbs bulge with bestial killing power. (Slay +2)
((You are very nimble when in or above water. (Stealth+, EV+, Speed+++)))
Your lower body shifts to a powerful aquatic tail in water.


Message History

You hit Ijyb.
Ijyb is heavily wounded.
You hit Ijyb.
Ijyb is severely wounded.
Ijyb zaps a wand.
The roots erupt in riotous growth!
The grasping roots grab you!
Ijyb is unaffected.
The grasping roots constrict you.
You closely miss Ijyb.
Ijyb is severely wounded.
Ijyb hits you with a +0 dagger. The grasping roots constrict you.
You closely miss Ijyb.
Ijyb is severely wounded.
Ijyb hits you with a +0 dagger. The grasping roots constrict you.
You hit Ijyb.
Ijyb is severely wounded.
Ijyb hits you but does no damage. The grasping roots constrict you.
* * * LOW HITPOINT WARNING * * *
You punch Ijyb!
Ijyb is almost dead.
Ijyb hits you with a +0 dagger.
* * * LOW HITPOINT WARNING * * *
The grasping roots constrict you.
* * * LOW HITPOINT WARNING * * *
The grasping roots release their grip on you.
Throw: 3 darts (atropa)
Press: ? - help, Q - select action, (/) - cycle Shift-Dir - straight line, f - Ijyb
Aim: Ijyb, wielding a +0 dagger, wearing a +0 leather armour and carrying a wand of roots (almost dead, 51% to hit, chance to blind on hit: 75%)
You throw an atropa-tipped dart.
The atropa-tipped dart barely misses Ijyb.
Ijyb zaps a wand.
The roots erupt in riotous growth!
The grasping roots grab you!
Ijyb is unaffected.
The grasping roots constrict you.
Unknown command.
Throw: 2 darts (atropa)
Press: ? - help, Q - select action, (/) - cycle Shift-Dir - straight line, f/p - Ijyb
Aim: Ijyb, wielding a +0 dagger, wearing a +0 leather armour and carrying a wand of roots (almost dead, 50% to hit, chance to blind on hit: 75%)
You throw an atropa-tipped dart.
The atropa-tipped dart barely misses Ijyb.
Ijyb hits you with a +0 dagger.
You die...

#......#
#.####.#########
#.........#
###..#...##.# ##
#.....###.#.# ..
.# #.#..##
#..##.##
#..##....#
#..†...#
#........##
##..##..#
#.......h.###...#
.#
.######g##...####
# #.###### #.#
#'# ... ... .....
.....


You could see Ijyb.

Vanquished Creatures
  2 adders (D:2)
  A worm (D:2)
  2 ball pythons
  3 endoplasms
  2 giant cockroaches
  9 hobgoblins
  A quokka (D:1)
  3 bats
  A frilled lizard (D:2)
  3 goblins
  3 kobolds
  2 rats
32 creatures vanquished.

Notes
Turn   | Place    | Note
-------+----------+-------------------------------------------
     0 | D:1      | Solx the Merfolk Shapeshifter began the quest for the Orb.
     0 | D:1      | Reached XP level 1. HP: 15/15 MP: 1/1
   202 | D:1      | Reached XP level 2. HP: 19/22 MP: 2/2
   417 | D:1      | Found Eptann's Antique Armour Boutique.
  1015 | D:2      | Reached XP level 3. HP: 16/27 MP: 3/3
  1669 | D:3      | Noticed an ogre
  1785 | D:3      | Noticed Ijyb
  1801 | D:3      | HP: 1/28 [constriction (2)]
  1803 | D:3      | Slain by Ijyb

Illustrated notes

Levels and vault maps discovered:
D:1:      ldierk_walled_garden_2, layout_rooms, serial_shops, shop,
          moated_statue
D:2:      layout_basic, minivault_11
D:3:      layout_loops_corners, mainiacjoe_overflow_alcove_1,
          old_standard_altar, uniq_ijyb

Skill      XL: |  1  2 |
---------------+-------+-----
Fighting       | 2 |  2.5
Unarmed Combat | 4 |  4.4
Dodging        | |  2.6
Shapeshifting  | |  4.2

Action                     || total
---------------------------++-------
  Melee: Unarmed           ||    90
         Punch             ||     1
  Throw: Dart              ||     2
   Stab: Sleeping          ||     1
 Armour: Animal skin       ||    24
         Ring mail         ||    22
  Dodge: Dodged            ||    51

Table legend: (Time is in decaauts)
 A = Elapsed time spent in this place.
 B = Non-inter-level travel time spent in this place.
 C = Inter-level travel time spent in this place.
 D = Time resting spent in this place.
 E = Time spent auto-exploring this place.
 F = Levels seen in this place.
 G = Mean time per level.
                   A        B        C        D        E       F      G
               +--------+--------+--------+--------+--------+-----+--------+
         Total |   1794 |   1737 |     57 |    450 |    639 |   3 |  598.0 |
       Dungeon |   1794 |   1737 |     57 |    450 |    639 |   3 |  598.0 |
               +--------+--------+--------+--------+--------+-----+--------+

Top non-repeatable levels by time:
     D:2: 897 daAuts
     D:1: 806 daAuts
     D:3: 91 daAuts
